Predators vs Sharks

Created - 9 mai 2019 at 09:36

Goals
1 2 3 T
Predators 2 0 0 2
Sharks 1 1 1 3
Shots
1 2 3 T
Predators 12 6 8 26
Sharks 11 5 15 31

1st period

1. Sharks , Matt Duchene 4 (Mikael Granlund 3, Justin Faulk 6) at 6:56
2. Predators , Steven Stamkos 2 (Oliver Ekman-Larsson 4, Elias Lindholm 5) at 11:10 (PP)
3. Predators , Steven Stamkos 3 (Shea Theodore 1, Colton Sissons 3) at 11:57

Penalties :
Nate Thompson (SJS) for Hooking (Minor) at 10:46

2nd period

4. Sharks , Travis Konecny 1 (Riley Sheahan 1, Colin Miller 4) at 6:42

Penalties :
Nikita Zadorov (NSH) for Tripping (Minor) at 9:48, Marco Scandella (SJS) for Holding (Minor) at 16:03, Seth Jones (SJS) for High sticking (Minor) at 18:15

3rd period

5. Sharks , Seth Jones 4 (Mikko Rantanen 3, Sean Couturier 3) at 18:17 (PP)

Penalties :
Nikita Zadorov (NSH) for Hooking (Minor) at 0:34, Travis Konecny (SJS) for Interference (Minor) at 2:34, Mattias Ekholm (SJS) for Hooking (Minor) at 6:34, Oliver Ekman-Larsson (NSH) for Hooking (Minor) at 14:40, Oliver Ekman-Larsson (NSH) for High sticking (Minor) at 16:57, Dougie Hamilton (SJS) for Tripping (Minor) at 18:38, Vladislav Namestnikov (NSH) for Boarding (Minor) at 19:22

Goalie Stats

Corey Crawford (NSH), 28 saves from 31 shots - (0.903), L, 3-4-0, 59:14 minutes
Semyon Varlamov (SJS), 24 saves from 26 shots - (0.923), W, 4-3-0, 60:00 minutes

Players Stats for Predators

Player Name              G  A  P  +/- PIM S  H  SB GA TA FO     MP     PP MP  PK MP  
------------------------------------------------------------------------------------
Alex Tuch                0  0  0   0  0   0  0  0  0  0  0/0     5:19   0:12   0:00 
Antoine Roussel          0  0  0   0  0   0  0  0  0  0  0/0     5:07   0:00   0:00 
Colton Sissons           0  1  1   1  0   0  2  0  0  0  1/2    13:54   0:00   0:00 
Connor Murphy            0  0  0   1  0   1  0  1  0  0  0/0    20:48   4:31   5:43 
Elias Lindholm           0  1  1   0  0   1  3  0  0  0  12/26  22:52   5:45   2:14 
J.T. Compher             0  0  0  -2  0   2  1  1  0  0  0/0    10:34   0:00   0:00 
Jaden Schwartz           0  0  0   0  0   5  0  0  0  0  0/0    18:12   3:19   0:00 
Kyle Connor              0  0  0  -2  0   1  0  0  0  0  0/2    10:34   0:00   0:00 
Max Pacioretty           0  0  0   1  0   3  1  0  0  0  5/12   22:02   3:19   5:03 
Nikita Zadorov           0  0  0   0  4   1  7  2  0  0  0/0    19:15   3:52   0:50 
Oliver Ekman-Larsson     0  1  1  -2  4   1  6  0  0  0  0/0    24:44   5:12   1:43 
Oscar Klefbom            0  0  0   0  0   1  0  5  0  0  0/0    24:45   3:52   5:07 
Phillip Danault          0  0  0  -2  0   1  1  0  0  0  9/17   20:52   5:45   5:22 
Roman Josi               0  0  0   0  0   0  0  0  0  0  0/0     3:44   0:41   1:11 
Shea Theodore            0  1  1   1  0   0  0  3  0  0  0/0    11:00   0:00   0:00 
Steven Stamkos           2  0  2   1  0   7  2  0  0  0  11/20  22:33   5:33   0:00 
Thomas Chabot            0  0  0  -2  0   0  1  3  0  0  0/0    15:40   0:00   0:00 
Vladislav Namestnikov    0  0  0   0  2   2  3  0  0  0  4/8    20:06   3:18   1:55 

Players Stats for Sharks

Player Name              G  A  P  +/- PIM S  H  SB GA TA FO     MP     PP MP  PK MP  
------------------------------------------------------------------------------------
Artemi Panarin           0  0  0   0  0   5  1  0  0  0  1/2    19:04   3:53   0:44 
Brian Boyle              0  0  0   0  0   1  0  0  0  0  3/12   12:06   0:00   2:41 
Colin Miller             0  1  1   1  0   1  2  0  0  0  0/0    12:51   0:00   2:12 
Dougie Hamilton          0  0  0   0  2   1  3  1  0  0  0/0    22:49   3:24   4:06 
Justin Faulk             0  1  1   0  0   2  0  0  0  0  0/0    22:43   3:24   1:11 
Marco Scandella          0  0  0   1  2   0  1  6  0  0  0/0    14:48   0:00   4:38 
Matt Duchene             1  0  1   0  0   3  0  0  0  0  5/15   18:02   3:35   0:00 
Mattias Ekholm           0  0  0   0  2   0  2  1  0  0  0/0    19:08   0:00   4:12 
Mikael Granlund          0  1  1   0  0   2  1  1  0  0  2/5    20:37   3:09   3:01 
Mikko Rantanen           0  1  1   0  0   0  1  0  0  0  0/1    18:25   4:08   0:00 
Nate Thompson            0  0  0   0  2   0  3  0  0  0  3/3    14:47   0:00   5:23 
Rick Nash                0  0  0   0  0   3  2  0  0  0  1/2    12:34   3:09   0:00 
Riley Sheahan            0  1  1   1  0   3  0  1  0  0  9/18   11:12   0:00   6:19 
Ryan Strome              0  0  0   1  0   0  0  0  0  0  0/0     5:26   0:33   0:00 
Sean Couturier           0  1  1   0  0   1  0  0  0  0  21/29  19:02   4:08   0:00 
Seth Jones               1  0  1   0  2   5  0  1  0  0  0/0    23:44   3:53   1:49 
T.J. Oshie               0  0  0   0  0   2  0  0  0  0  0/0    18:03   3:09   0:00 
Travis Konecny           1  0  1   1  2   2  0  0  0  0  0/0     4:52   0:00   0:00 

3 Stars

1 - Steven Stamkos (NSH)
2 - Matt Duchene (SJS)
3 - Colin Miller (SJS)

Power Play

Predators - 1 on 6 Attempt(s) - 16.67%
Sharks - 1 on 5 Attempt(s) - 20.00%

Penalty Kill

Predators - 4 on 5 Attempt(s) - 80.00% - Score 0 goal in Penalty Kill
Sharks - 5 on 6 Attempt(s) - 83.33% - Score 0 goal in Penalty Kill

Team Stat

Predators - Hits : 27 - Faceoff Wins : 42 - Blocked Shots : 15 - Penalty Minutes : 10
Sharks - Hits : 16 - Faceoff Wins : 45 - Blocked Shots : 11 - Penalty Minutes : 12

Official

Referees : Brad Meier and Jacob Brenk
Linesman : Tony Sericolo and Lonnie Cameron

Game Notes

No Game Note

Finance

Level 1 -- Attendance: 6500 (100.00%) -- Ticket Income 715 000 $
Level 2 -- Attendance: 5000 (100.00%) -- Ticket Income 375 000 $
Level 3 -- Attendance: 3500 (100.00%) -- Ticket Income 192 500 $
Level 4 -- Attendance: 1562 (100.00%) -- Ticket Income 60 918 $
Luxury Box -- Attendance: 1000 (100.00%) -- Ticket Income 199 000 $
Game was played at the SAP center.
Total Attendance: 17562 (100.00%)
Total Ticket Income: 1 542 418 $
Other Income: 755 785 $
Total Income: 2 298 203 $

% Time on Ice - Predators

Lines # - Real PCT - Wanted PCT - Time Play
Normal Forward
1 - 29% - 40% - 12:28
2 - 35% - 30% - 14:53
3 - 25% - 20% - 10:34
4 - 12% - 10% - 5:07
Normal Defense
1 - 36% - 40% - 15:40
2 - 34% - 30% - 14:35
3 - 25% - 20% - 10:51
4 - 4% - 10% - 1:56
PP Forward
1 - 63% - 60% - 5:45
2 - 37% - 40% - 3:19
PP Defense
1 - 57% - 60% - 5:12
2 - 43% - 40% - 3:52
PK Forward
1 - 74% - 60% - 5:22
2 - 26% - 40% - 1:55
PK Defense
1 - 46% - 60% - 3:22
2 - 54% - 40% - 3:55
PK3 Forward
1 - 0% - 60%
2 - 0% - 40%
PK3 Defense
1 - 0% - 60%
2 - 0% - 40%
44 Forward
1 - 100% - 60% - 0:37
2 - 0% - 40% - 0:00
44 Defense
1 - 76% - 60% - 0:28
2 - 24% - 40% - 0:09
Last Minute Offensive  - 0:00
Last Minute Defensive  - 0:00
Total
Forward - 60:00
Defense - 60:00

% Time on Ice - Sharks

Lines # - Real PCT - Wanted PCT - Time Play
Normal Forward
1 - 33% - 35% - 14:17
2 - 34% - 35% - 14:27
3 - 22% - 20% - 9:25
4 - 11% - 10% - 4:53
Normal Defense
1 - 41% - 45% - 17:31
2 - 35% - 35% - 14:57
3 - 24% - 20% - 10:11
4 - 1% - 0% - 0:23
PP Forward
1 - 57% - 60% - 4:08
2 - 43% - 40% - 3:09
PP Defense
1 - 53% - 60% - 3:53
2 - 47% - 40% - 3:24
PK Forward
1 - 74% - 60% - 6:41
2 - 26% - 40% - 2:23
PK Defense
1 - 71% - 60% - 6:25
2 - 29% - 40% - 2:39
PK3 Forward
1 - 0% - 50%
2 - 0% - 50%
PK3 Defense
1 - 0% - 60%
2 - 0% - 40%
44 Forward
1 - 100% - 60% - 0:37
2 - 0% - 40% - 0:00
44 Defense
1 - 100% - 60% - 0:37
2 - 0% - 40% - 0:00
Last Minute Offensive  - 0:00
Last Minute Defensive  - 0:00
Total
Forward - 60:00
Defense - 60:00

Play-by-Play

1st period


0:01 of 1st period - Sean Couturier wins face-off versus Colton Sissons in neutral zone.
0:01 of 1st period - Sean Couturier is hit by Steven Stamkos.
0:17 of 1st period - Shot by Sean Couturier.
0:17 of 1st period - Stopped by Corey Crawford without a rebound.
0:18 of 1st period - Matt Duchene wins face-off versus Elias Lindholm in Predators zone.
0:42 of 1st period - Shot by Vladislav Namestnikov.
0:42 of 1st period - Deflect By Jaden Schwartz.
0:42 of 1st period - Shot Misses the Net.
0:44 of 1st period - Shot by Elias Lindholm.
0:44 of 1st period - Stopped by Semyon Varlamov without a rebound.
0:45 of 1st period - Phillip Danault wins face-off versus Brian Boyle in Sharks zone.
1:02 of 1st period - Colin Miller is hit by J.T. Compher and loses puck.
1:06 of 1st period - Icing by Colin Miller.
1:07 of 1st period - Steven Stamkos wins face-off versus Brian Boyle in Sharks zone.
1:16 of 1st period - Oliver Ekman-Larsson is hit by Nate Thompson and loses puck.
2:33 of 1st period - T.J. Oshie is hit by Vladislav Namestnikov and loses puck.
2:56 of 1st period - Shot by Artemi Panarin.
2:56 of 1st period - Stopped by Corey Crawford without a rebound.
2:57 of 1st period - Riley Sheahan wins face-off versus Steven Stamkos in Predators zone.
3:22 of 1st period - Shot by Steven Stamkos.
3:22 of 1st period - Deflect By Alex Tuch.
3:22 of 1st period - Shot Blocked by Dougie Hamilton.
3:26 of 1st period - Shot by Steven Stamkos.
3:26 of 1st period - Stopped by Semyon Varlamov without a rebound.
3:27 of 1st period - Matt Duchene wins face-off versus Kyle Connor in Sharks zone.
3:40 of 1st period - Shot by Matt Duchene.
3:40 of 1st period - Shot Misses the Net.
3:46 of 1st period - Marco Scandella is hit by Phillip Danault and loses puck.
3:55 of 1st period - Shot by Kyle Connor.
3:55 of 1st period - Shot Misses the Net.
3:57 of 1st period - Shot by Phillip Danault.
3:57 of 1st period - Stopped by Semyon Varlamov with a rebound.
3:59 of 1st period - Shot by J.T. Compher.
3:59 of 1st period - Stopped by Semyon Varlamov without a rebound.
4:00 of 1st period - Elias Lindholm wins face-off versus Rick Nash in Sharks zone.
4:23 of 1st period - Shot by Vladislav Namestnikov.
4:23 of 1st period - Shot Misses the Net.
5:25 of 1st period - Shot by Matt Duchene.
5:25 of 1st period - Shot Misses the Net.
5:27 of 1st period - Shot by Mikael Granlund.
5:27 of 1st period - Shot Blocked by Shea Theodore.
5:38 of 1st period - Icing by Connor Murphy.
5:39 of 1st period - Sean Couturier wins face-off versus Steven Stamkos in Predators zone.
5:50 of 1st period - Shot by Mikko Rantanen.
5:50 of 1st period - Shot Misses the Net.
6:06 of 1st period - Shot by T.J. Oshie.
6:06 of 1st period - Shot Misses the Net.
6:52 of 1st period - Shot by Matt Duchene.
6:52 of 1st period - Shot Hit the Post.
6:54 of 1st period - Shot by Mikael Granlund.
6:54 of 1st period - Shot Blocked by Thomas Chabot.
6:56 of 1st period - Shot by Matt Duchene.
6:56 of 1st period - Goal by Matt Duchene - Predators : 0 - Sharks : 1.
6:57 of 1st period - Riley Sheahan wins face-off versus Elias Lindholm in neutral zone.
7:04 of 1st period - Shot by Riley Sheahan.
7:04 of 1st period - Stopped by Corey Crawford without a rebound.
7:05 of 1st period - Riley Sheahan wins face-off versus Elias Lindholm in Predators zone.
7:05 of 1st period - Riley Sheahan is hit by Nikita Zadorov.
7:10 of 1st period - Ryan Strome is hit by Nikita Zadorov and loses puck.
7:24 of 1st period - Riley Sheahan is hit by Nikita Zadorov and loses puck.
7:28 of 1st period - Riley Sheahan is hit by Nikita Zadorov and loses puck.
8:20 of 1st period - Shot by Artemi Panarin.
8:20 of 1st period - Stopped by Corey Crawford with a rebound.
8:26 of 1st period - Mattias Ekholm is hit by Max Pacioretty and loses puck.
9:05 of 1st period - Shot by T.J. Oshie.
9:05 of 1st period - Shot Blocked by Thomas Chabot.
9:08 of 1st period - Icing by J.T. Compher.
9:09 of 1st period - Brian Boyle wins face-off versus Phillip Danault in Predators zone.
9:18 of 1st period - Shot by J.T. Compher.
9:18 of 1st period - Stopped by Semyon Varlamov without a rebound.
9:19 of 1st period - Elias Lindholm wins face-off versus Sean Couturier in Sharks zone.
9:20 of 1st period - Shot by Vladislav Namestnikov.
9:20 of 1st period - Stopped by Semyon Varlamov without a rebound.
9:21 of 1st period - Steven Stamkos wins face-off versus Sean Couturier in Sharks zone.
9:24 of 1st period - Shot by Steven Stamkos.
9:24 of 1st period - Shot Misses the Net.
10:46 of 1st period - Minor Penalty to Nate Thompson for Hooking.
10:47 of 1st period - Riley Sheahan wins face-off versus Elias Lindholm in Sharks zone.
11:04 of 1st period - Shot by Oliver Ekman-Larsson.
11:04 of 1st period - Stopped by Semyon Varlamov with a rebound.
11:10 of 1st period - Shot by Steven Stamkos.
11:10 of 1st period - Goal by Steven Stamkos - Predators : 1 - Sharks : 1.
11:11 of 1st period - Brian Boyle wins face-off versus Phillip Danault in neutral zone.
11:25 of 1st period - Shot by Brian Boyle.
11:25 of 1st period - Deflect By Rick Nash.
11:25 of 1st period - Shot Misses the Net.
11:31 of 1st period - Shot by Rick Nash.
11:31 of 1st period - Stopped by Corey Crawford with a rebound.
11:33 of 1st period - Shot by Rick Nash.
11:33 of 1st period - Stopped by Corey Crawford without a rebound.
11:34 of 1st period - Steven Stamkos wins face-off versus Artemi Panarin in Predators zone.
11:36 of 1st period - Icing by Max Pacioretty.
11:37 of 1st period - Steven Stamkos wins face-off versus Matt Duchene in Predators zone.
11:37 of 1st period - Max Pacioretty is hit by Artemi Panarin and loses puck.
11:43 of 1st period - Icing by Connor Murphy.
11:44 of 1st period - Steven Stamkos wins face-off versus Matt Duchene in Predators zone.
11:57 of 1st period - Shot by Steven Stamkos.
11:57 of 1st period - Goal by Steven Stamkos - Predators : 2 - Sharks : 1.
11:58 of 1st period - Sean Couturier wins face-off versus Elias Lindholm in neutral zone.
12:27 of 1st period - Shot by Jaden Schwartz.
12:27 of 1st period - Deflect By Elias Lindholm.
12:27 of 1st period - Shot Misses the Net.
12:38 of 1st period - Vladislav Namestnikov is hit by Mattias Ekholm.
12:45 of 1st period - Icing by Mattias Ekholm.
12:46 of 1st period - Sean Couturier wins face-off versus Steven Stamkos in Sharks zone.
14:00 of 1st period - Shot by Phillip Danault.
14:00 of 1st period - Shot Misses the Net.
14:02 of 1st period - Shot by J.T. Compher.
14:02 of 1st period - Shot Misses the Net.
14:04 of 1st period - Shot by Phillip Danault.
14:04 of 1st period - Shot Misses the Net.
14:34 of 1st period - Shot by Riley Sheahan.
14:34 of 1st period - Stopped by Corey Crawford without a rebound.
14:35 of 1st period - Sean Couturier wins face-off versus Elias Lindholm in Predators zone.
14:48 of 1st period - Shot by Jaden Schwartz.
14:48 of 1st period - Stopped by Semyon Varlamov without a rebound.
14:49 of 1st period - Brian Boyle wins face-off versus Steven Stamkos in Sharks zone.
14:49 of 1st period - Brian Boyle is hit by Colton Sissons.
14:59 of 1st period - Shot by Steven Stamkos.
14:59 of 1st period - Stopped by Semyon Varlamov without a rebound.
15:00 of 1st period - Sean Couturier wins face-off versus Elias Lindholm in Sharks zone.
15:32 of 1st period - Vladislav Namestnikov is hit by Dougie Hamilton and loses puck.
16:01 of 1st period - Shot by Riley Sheahan.
16:01 of 1st period - Stopped by Corey Crawford without a rebound.
16:02 of 1st period - Steven Stamkos wins face-off versus Matt Duchene in Predators zone.
17:35 of 1st period - Marco Scandella is hit by Oliver Ekman-Larsson.
17:44 of 1st period - Icing by Oliver Ekman-Larsson.
17:45 of 1st period - Steven Stamkos wins face-off versus Sean Couturier in Predators zone.
17:51 of 1st period - Mikko Rantanen is hit by Oliver Ekman-Larsson and loses puck.
17:55 of 1st period - T.J. Oshie is hit by Oliver Ekman-Larsson.
18:07 of 1st period - Shot by Sean Couturier.
18:07 of 1st period - Shot Misses the Net.
18:09 of 1st period - Shot by Sean Couturier.
18:09 of 1st period - Deflect By Mikko Rantanen.
18:09 of 1st period - Shot Misses the Net.
18:16 of 1st period - Mikko Rantanen is hit by Oliver Ekman-Larsson and loses puck.
18:23 of 1st period - Shot by Sean Couturier.
18:23 of 1st period - Shot Misses the Net.
18:27 of 1st period - Shot by T.J. Oshie.
18:27 of 1st period - Stopped by Corey Crawford without a rebound.
18:28 of 1st period - Artemi Panarin wins face-off versus Elias Lindholm in Predators zone.
18:31 of 1st period - Shot by Matt Duchene.
18:31 of 1st period - Shot Misses the Net.
18:33 of 1st period - Shot by Justin Faulk.
18:33 of 1st period - Stopped by Corey Crawford without a rebound.
18:34 of 1st period - Elias Lindholm wins face-off versus Matt Duchene in Predators zone.
19:06 of 1st period - Shot by Jaden Schwartz.
19:06 of 1st period - Deflect By Vladislav Namestnikov.
19:06 of 1st period - Shot Misses the Net.
19:08 of 1st period - Shot by Jaden Schwartz.
19:08 of 1st period - Shot Blocked by Seth Jones.
19:10 of 1st period - Shot by Vladislav Namestnikov.
19:10 of 1st period - Shot Misses the Net.
19:12 of 1st period - Shot by Vladislav Namestnikov.
19:12 of 1st period - Deflect By Jaden Schwartz.
19:12 of 1st period - Shot Misses the Net.
19:40 of 1st period - Shot by Kyle Connor.
19:40 of 1st period - Stopped by Semyon Varlamov without a rebound.
19:41 of 1st period - Sean Couturier wins face-off versus Steven Stamkos in Sharks zone.
19:54 of 1st period - Icing by Oliver Ekman-Larsson.
19:55 of 1st period - Steven Stamkos wins face-off versus Riley Sheahan in Predators zone.
Goals for this period are 2 for Predators vs 1 for Sharks.
Shots for this period are 12 for Predators vs 11 for Sharks.

2nd period


0:01 of 2nd period - Sean Couturier wins face-off versus Steven Stamkos in neutral zone.
1:02 of 2nd period - Mattias Ekholm is hit by Vladislav Namestnikov and loses puck.
1:19 of 2nd period - Shot by Mikael Granlund.
1:19 of 2nd period - Shot Misses the Net.
1:21 of 2nd period - Shot by Mattias Ekholm.
1:21 of 2nd period - Shot Blocked by Shea Theodore.
1:33 of 2nd period - Shot by Artemi Panarin.
1:33 of 2nd period - Stopped by Corey Crawford without a rebound.
1:34 of 2nd period - Phillip Danault wins face-off versus Brian Boyle in Predators zone.
1:34 of 2nd period - Phillip Danault is hit by Rick Nash.
1:49 of 2nd period - Kyle Connor is hit by Colin Miller and loses puck.
2:02 of 2nd period - Phillip Danault is hit by Colin Miller and loses puck.
2:51 of 2nd period - Icing by Seth Jones.
2:52 of 2nd period - Elias Lindholm wins face-off versus Riley Sheahan in Sharks zone.
4:03 of 2nd period - Shot by Steven Stamkos.
4:03 of 2nd period - Shot Misses the Net.
4:11 of 2nd period - Shot by Steven Stamkos.
4:11 of 2nd period - Shot Misses the Net.
5:18 of 2nd period - Shot by Matt Duchene.
5:18 of 2nd period - Shot Blocked by Thomas Chabot.
5:20 of 2nd period - Shot by Colin Miller.
5:20 of 2nd period - Stopped by Corey Crawford with a rebound.
5:22 of 2nd period - Shot by Colin Miller.
5:22 of 2nd period - Shot Blocked by J.T. Compher.
6:42 of 2nd period - Shot by Travis Konecny.
6:42 of 2nd period - Goal by Travis Konecny - Predators : 2 - Sharks : 2.
6:43 of 2nd period - Max Pacioretty wins face-off versus Matt Duchene in neutral zone.
7:45 of 2nd period - Shot by Jaden Schwartz.
7:45 of 2nd period - Stopped by Semyon Varlamov without a rebound.
7:46 of 2nd period - Elias Lindholm wins face-off versus Brian Boyle in Sharks zone.
8:13 of 2nd period - Shot by Nate Thompson.
8:13 of 2nd period - Shot Misses the Net.
8:57 of 2nd period - Icing by Oscar Klefbom.
8:58 of 2nd period - Steven Stamkos wins face-off versus Matt Duchene in Predators zone.
9:00 of 2nd period - Icing by Oscar Klefbom.
9:01 of 2nd period - Steven Stamkos wins face-off versus Matt Duchene in Predators zone.
9:45 of 2nd period - Icing by Antoine Roussel.
9:46 of 2nd period - Sean Couturier wins face-off versus Steven Stamkos in Predators zone.
9:46 of 2nd period - Justin Faulk is hit by Nikita Zadorov and loses puck.
9:48 of 2nd period - Minor Penalty to Nikita Zadorov for Tripping.
9:49 of 2nd period - Max Pacioretty wins face-off versus Sean Couturier in Predators zone.
10:02 of 2nd period - Oliver Ekman-Larsson is hit by Mikko Rantanen and loses puck.
10:09 of 2nd period - Shot by Matt Duchene.
10:09 of 2nd period - Shot Blocked by Connor Murphy.
11:58 of 2nd period - Shot by Steven Stamkos.
11:58 of 2nd period - Stopped by Semyon Varlamov without a rebound.
11:59 of 2nd period - Elias Lindholm wins face-off versus Riley Sheahan in Sharks zone.
12:08 of 2nd period - Shot by Jaden Schwartz.
12:08 of 2nd period - Shot Blocked by Marco Scandella.
12:26 of 2nd period - Marco Scandella is hit by Elias Lindholm and loses puck.
13:19 of 2nd period - Icing by Roman Josi.
13:20 of 2nd period - Sean Couturier wins face-off versus Steven Stamkos in Predators zone.
13:58 of 2nd period - Icing by Justin Faulk.
13:59 of 2nd period - Sean Couturier wins face-off versus Vladislav Namestnikov in Sharks zone.
14:31 of 2nd period - Shot by Elias Lindholm.
14:31 of 2nd period - Shot Misses the Net.
14:33 of 2nd period - Shot by Elias Lindholm.
14:33 of 2nd period - Shot Misses the Net.
15:06 of 2nd period - Icing by Colton Sissons.
15:07 of 2nd period - Matt Duchene wins face-off versus Steven Stamkos in Predators zone.
15:40 of 2nd period - Shot by Mikael Granlund.
15:40 of 2nd period - Shot Hit the Post.
15:42 of 2nd period - Shot by Mikael Granlund.
15:42 of 2nd period - Stopped by Corey Crawford without a rebound.
15:43 of 2nd period - Elias Lindholm wins face-off versus Brian Boyle in Predators zone.
15:43 of 2nd period - Oscar Klefbom is hit by Rick Nash and loses puck.
16:03 of 2nd period - Minor Penalty to Marco Scandella for Holding.
16:04 of 2nd period - Phillip Danault wins face-off versus Riley Sheahan in Sharks zone.
16:40 of 2nd period - Shot by Brian Boyle.
16:40 of 2nd period - Stopped by Corey Crawford without a rebound.
16:41 of 2nd period - Vladislav Namestnikov wins face-off versus Riley Sheahan in Predators zone.
16:50 of 2nd period - Shot by Max Pacioretty.
16:50 of 2nd period - Shot Blocked by Riley Sheahan.
17:12 of 2nd period - Shot by Vladislav Namestnikov.
17:12 of 2nd period - Shot Misses the Net.
17:35 of 2nd period - Colin Miller is hit by Steven Stamkos and loses puck.
17:40 of 2nd period - Shot by Steven Stamkos.
17:40 of 2nd period - Stopped by Semyon Varlamov with a rebound.
17:44 of 2nd period - Shot by Steven Stamkos.
17:44 of 2nd period - Shot Misses the Net.
17:46 of 2nd period - Shot by Oliver Ekman-Larsson.
17:46 of 2nd period - Shot Blocked by Mikael Granlund.
18:15 of 2nd period - Minor Penalty to Seth Jones for High sticking.
18:16 of 2nd period - Vladislav Namestnikov wins face-off versus Mikael Granlund in Sharks zone.
18:19 of 2nd period - Shot by Vladislav Namestnikov.
18:19 of 2nd period - Stopped by Semyon Varlamov without a rebound.
18:20 of 2nd period - Riley Sheahan wins face-off versus Vladislav Namestnikov in Sharks zone.
18:37 of 2nd period - Shot by Max Pacioretty.
18:37 of 2nd period - Shot Misses the Net.
18:39 of 2nd period - Shot by Jaden Schwartz.
18:39 of 2nd period - Stopped by Semyon Varlamov without a rebound.
18:40 of 2nd period - Phillip Danault wins face-off versus Riley Sheahan in Sharks zone.
18:57 of 2nd period - Shot by Oliver Ekman-Larsson.
18:57 of 2nd period - Shot Blocked by Mattias Ekholm.
18:59 of 2nd period - Shot by Elias Lindholm.
18:59 of 2nd period - Shot Hit the Post.
19:01 of 2nd period - Shot by Phillip Danault.
19:01 of 2nd period - Shot Blocked by Marco Scandella.
19:05 of 2nd period - Shot by Oliver Ekman-Larsson.
19:05 of 2nd period - Shot Blocked by Marco Scandella.
19:07 of 2nd period - Shot by Oliver Ekman-Larsson.
19:07 of 2nd period - Shot Blocked by Marco Scandella.
19:25 of 2nd period - Shot by Oscar Klefbom.
19:25 of 2nd period - Stopped by Semyon Varlamov with a rebound.
19:27 of 2nd period - Shot by Nikita Zadorov.
19:27 of 2nd period - Shot Misses the Net.
19:57 of 2nd period - Shot by Oliver Ekman-Larsson.
19:57 of 2nd period - Shot Misses the Net.
19:59 of 2nd period - Shot by Elias Lindholm.
19:59 of 2nd period - Shot Misses the Net.
Goals for this period are 0 for Predators vs 1 for Sharks.
Shots for this period are 6 for Predators vs 5 for Sharks.

3rd period


0:01 of 3rd period - Phillip Danault wins face-off versus Riley Sheahan in neutral zone.
0:01 of 3rd period - Phillip Danault is hit by Nate Thompson.
0:08 of 3rd period - Phillip Danault is hit by Mattias Ekholm and loses puck.
0:22 of 3rd period - Mikael Granlund is hit by Nikita Zadorov and loses puck.
0:26 of 3rd period - Mikael Granlund is hit by Nikita Zadorov and loses puck.
0:34 of 3rd period - Minor Penalty to Nikita Zadorov for Hooking.
0:35 of 3rd period - Phillip Danault wins face-off versus Sean Couturier in Predators zone.
0:46 of 3rd period - Shot by Matt Duchene.
0:46 of 3rd period - Shot Misses the Net.
1:00 of 3rd period - Shot by Justin Faulk.
1:00 of 3rd period - Shot Misses the Net.
1:57 of 3rd period - Shot by Rick Nash.
1:57 of 3rd period - Shot Blocked by Oscar Klefbom.
1:59 of 3rd period - Shot by T.J. Oshie.
1:59 of 3rd period - Stopped by Corey Crawford without a rebound.
2:00 of 3rd period - Sean Couturier wins face-off versus Elias Lindholm in Predators zone.
2:01 of 3rd period - Shot by Justin Faulk.
2:01 of 3rd period - Stopped by Corey Crawford without a rebound.
2:02 of 3rd period - Sean Couturier wins face-off versus Elias Lindholm in Predators zone.
2:07 of 3rd period - Shot by Sean Couturier.
2:07 of 3rd period - Shot Misses the Net.
2:09 of 3rd period - Shot by Sean Couturier.
2:09 of 3rd period - Shot Misses the Net.
2:25 of 3rd period - Shot by Mikko Rantanen.
2:25 of 3rd period - Deflect By Sean Couturier.
2:25 of 3rd period - Shot Misses the Net.
2:27 of 3rd period - Shot by Sean Couturier.
2:27 of 3rd period - Shot Misses the Net.
2:29 of 3rd period - Shot by Justin Faulk.
2:29 of 3rd period - Shot Misses the Net.
2:31 of 3rd period - Shot by Dougie Hamilton.
2:31 of 3rd period - Shot Misses the Net.
2:34 of 3rd period - Minor Penalty to Travis Konecny for Interference.
2:35 of 3rd period - Riley Sheahan wins face-off versus Phillip Danault in Sharks zone.
2:35 of 3rd period - Riley Sheahan is hit by Elias Lindholm.
3:21 of 3rd period - Shot by Jaden Schwartz.
3:21 of 3rd period - Stopped by Semyon Varlamov without a rebound.
3:22 of 3rd period - Vladislav Namestnikov wins face-off versus Brian Boyle in Sharks zone.
3:23 of 3rd period - Shot by Jaden Schwartz.
3:23 of 3rd period - Stopped by Semyon Varlamov without a rebound.
3:24 of 3rd period - Vladislav Namestnikov wins face-off versus Brian Boyle in Sharks zone.
3:24 of 3rd period - Oliver Ekman-Larsson is hit by Marco Scandella and loses puck.
3:45 of 3rd period - Shot by Connor Murphy.
3:45 of 3rd period - Stopped by Semyon Varlamov without a rebound.
3:46 of 3rd period - Phillip Danault wins face-off versus Brian Boyle in Sharks zone.
3:58 of 3rd period - Off-side.
3:59 of 3rd period - Riley Sheahan wins face-off versus Vladislav Namestnikov in neutral zone.
4:10 of 3rd period - Shot by Max Pacioretty.
4:10 of 3rd period - Shot Misses the Net.
4:12 of 3rd period - Shot by Nikita Zadorov.
4:12 of 3rd period - Stopped by Semyon Varlamov without a rebound.
4:13 of 3rd period - Phillip Danault wins face-off versus Riley Sheahan in Sharks zone.
4:14 of 3rd period - Shot by Elias Lindholm.
4:14 of 3rd period - Shot Hit the Post.
4:21 of 3rd period - Icing by Connor Murphy.
4:22 of 3rd period - Riley Sheahan wins face-off versus Phillip Danault in Predators zone.
4:59 of 3rd period - Shot by Steven Stamkos.
4:59 of 3rd period - Shot Misses the Net.
5:02 of 3rd period - Icing by Marco Scandella.
5:03 of 3rd period - Mikael Granlund wins face-off versus Kyle Connor in Sharks zone.
5:07 of 3rd period - Off-side.
5:08 of 3rd period - Elias Lindholm wins face-off versus Sean Couturier in neutral zone.
5:46 of 3rd period - Shot by Sean Couturier.
5:46 of 3rd period - Shot Misses the Net.
5:48 of 3rd period - Shot by Sean Couturier.
5:48 of 3rd period - Shot Misses the Net.
6:24 of 3rd period - Max Pacioretty is hit by Dougie Hamilton and loses puck.
6:34 of 3rd period - Minor Penalty to Mattias Ekholm for Hooking.
6:35 of 3rd period - Riley Sheahan wins face-off versus Phillip Danault in Sharks zone.
6:41 of 3rd period - Icing by Phillip Danault.
6:42 of 3rd period - Phillip Danault wins face-off versus Riley Sheahan in Predators zone.
6:42 of 3rd period - Phillip Danault is hit by Nate Thompson.
7:03 of 3rd period - Phillip Danault is hit by Dougie Hamilton and loses puck.
7:40 of 3rd period - Shot by Max Pacioretty.
7:40 of 3rd period - Shot Blocked by Marco Scandella.
7:54 of 3rd period - Seth Jones is hit by Vladislav Namestnikov and loses puck.
8:47 of 3rd period - Sean Couturier is hit by Colton Sissons and loses puck.
9:53 of 3rd period - Icing by Dougie Hamilton.
9:54 of 3rd period - Matt Duchene wins face-off versus Vladislav Namestnikov in Sharks zone.
10:11 of 3rd period - Shot by Artemi Panarin.
10:11 of 3rd period - Stopped by Corey Crawford without a rebound.
10:12 of 3rd period - Nate Thompson wins face-off versus Phillip Danault in Predators zone.
10:33 of 3rd period - Shot by Brian Boyle.
10:33 of 3rd period - Shot Blocked by Shea Theodore.
11:32 of 3rd period - Shot by Max Pacioretty.
11:32 of 3rd period - Stopped by Semyon Varlamov without a rebound.
11:33 of 3rd period - Elias Lindholm wins face-off versus Matt Duchene in Sharks zone.
12:21 of 3rd period - Icing by Dougie Hamilton.
12:22 of 3rd period - Steven Stamkos wins face-off versus Matt Duchene in Sharks zone.
12:35 of 3rd period - Shot by Steven Stamkos.
12:35 of 3rd period - Stopped by Semyon Varlamov without a rebound.
12:36 of 3rd period - Sean Couturier wins face-off versus Phillip Danault in Sharks zone.
12:42 of 3rd period - Off-side.
12:43 of 3rd period - Max Pacioretty wins face-off versus Mikko Rantanen in neutral zone.
12:50 of 3rd period - Shot by Max Pacioretty.
12:50 of 3rd period - Stopped by Semyon Varlamov with a rebound.
14:01 of 3rd period - Icing by Nate Thompson.
14:02 of 3rd period - Nate Thompson wins face-off versus Elias Lindholm in Sharks zone.
14:04 of 3rd period - Marco Scandella is hit by Elias Lindholm and loses puck.
14:34 of 3rd period - Dougie Hamilton is hit by Thomas Chabot and loses puck.
14:40 of 3rd period - Minor Penalty to Oliver Ekman-Larsson for Hooking.
14:41 of 3rd period - Matt Duchene wins face-off versus Max Pacioretty in Predators zone.
14:56 of 3rd period - Shot by Matt Duchene.
14:56 of 3rd period - Shot Misses the Net.
14:58 of 3rd period - Shot by Artemi Panarin.
14:58 of 3rd period - Stopped by Corey Crawford without a rebound.
14:59 of 3rd period - Elias Lindholm wins face-off versus Mikael Granlund in Predators zone.
15:08 of 3rd period - Shot by Dougie Hamilton.
15:08 of 3rd period - Stopped by Corey Crawford without a rebound.
15:09 of 3rd period - Sean Couturier wins face-off versus Max Pacioretty in Predators zone.
15:22 of 3rd period - Shot by Seth Jones.
15:22 of 3rd period - Stopped by Corey Crawford without a rebound.
15:23 of 3rd period - Max Pacioretty wins face-off versus Mikael Granlund in Predators zone.
15:45 of 3rd period - Off-side.
15:46 of 3rd period - Sean Couturier wins face-off versus Max Pacioretty in neutral zone.
15:55 of 3rd period - Shot by Sean Couturier.
15:55 of 3rd period - Shot Blocked by Nikita Zadorov.
15:57 of 3rd period - Shot by Seth Jones.
15:57 of 3rd period - Stopped by Corey Crawford without a rebound.
15:58 of 3rd period - Rick Nash wins face-off versus Max Pacioretty in Predators zone.
16:01 of 3rd period - Shot by T.J. Oshie.
16:01 of 3rd period - Shot Misses the Net.
16:03 of 3rd period - Shot by T.J. Oshie.
16:03 of 3rd period - Shot Misses the Net.
16:05 of 3rd period - Shot by Seth Jones.
16:05 of 3rd period - Shot Blocked by Oscar Klefbom.
16:07 of 3rd period - Shot by Mikael Granlund.
16:07 of 3rd period - Shot Misses the Net.
16:09 of 3rd period - Shot by T.J. Oshie.
16:09 of 3rd period - Shot Misses the Net.
16:11 of 3rd period - Shot by Mikael Granlund.
16:11 of 3rd period - Shot Misses the Net.
16:13 of 3rd period - Shot by Seth Jones.
16:13 of 3rd period - Shot Blocked by Oscar Klefbom.
16:17 of 3rd period - Shot by Rick Nash.
16:17 of 3rd period - Shot Misses the Net.
16:19 of 3rd period - Shot by Seth Jones.
16:19 of 3rd period - Shot Misses the Net.
16:23 of 3rd period - Shot by Rick Nash.
16:23 of 3rd period - Stopped by Corey Crawford with a rebound.
16:27 of 3rd period - Shot by Mikael Granlund.
16:27 of 3rd period - Stopped by Corey Crawford without a rebound.
16:28 of 3rd period - Sean Couturier wins face-off versus Elias Lindholm in Predators zone.
16:31 of 3rd period - Shot by Justin Faulk.
16:31 of 3rd period - Shot Misses the Net.
16:33 of 3rd period - Shot by Matt Duchene.
16:33 of 3rd period - Stopped by Corey Crawford without a rebound.
16:34 of 3rd period - Sean Couturier wins face-off versus Elias Lindholm in Predators zone.
16:37 of 3rd period - Shot by Justin Faulk.
16:37 of 3rd period - Shot Misses the Net.
16:43 of 3rd period - Shot by Travis Konecny.
16:43 of 3rd period - Stopped by Corey Crawford without a rebound.
16:44 of 3rd period - Elias Lindholm wins face-off versus Matt Duchene in Predators zone.
16:44 of 3rd period - Oliver Ekman-Larsson is hit by Mikael Granlund and loses puck.
16:56 of 3rd period - Mikael Granlund is hit by Oliver Ekman-Larsson.
16:57 of 3rd period - Minor Penalty to Oliver Ekman-Larsson for High sticking.
16:58 of 3rd period - Sean Couturier wins face-off versus Max Pacioretty in Predators zone.
17:07 of 3rd period - Shot by Artemi Panarin.
17:07 of 3rd period - Shot Blocked by Oscar Klefbom.
17:09 of 3rd period - Shot by Seth Jones.
17:09 of 3rd period - Shot Misses the Net.
17:11 of 3rd period - Shot by Sean Couturier.
17:11 of 3rd period - Shot Blocked by Oscar Klefbom.
17:13 of 3rd period - Shot by Sean Couturier.
17:13 of 3rd period - Shot Misses the Net.
17:15 of 3rd period - Shot by Seth Jones.
17:15 of 3rd period - Stopped by Corey Crawford without a rebound.
17:16 of 3rd period - Mikael Granlund wins face-off versus Max Pacioretty in Predators zone.
17:51 of 3rd period - Shot by Max Pacioretty.
17:51 of 3rd period - Stopped by Semyon Varlamov without a rebound.
17:52 of 3rd period - Sean Couturier wins face-off versus Elias Lindholm in Sharks zone.
18:01 of 3rd period - Shot by Seth Jones.
18:01 of 3rd period - Shot Blocked by Nikita Zadorov.
18:03 of 3rd period - Shot by Matt Duchene.
18:03 of 3rd period - Stopped by Corey Crawford with a rebound.
18:05 of 3rd period - Shot by Seth Jones.
18:05 of 3rd period - Stopped by Corey Crawford without a rebound.
18:06 of 3rd period - Sean Couturier wins face-off versus Max Pacioretty in Predators zone.
18:15 of 3rd period - Shot by Seth Jones.
18:15 of 3rd period - Shot Misses the Net.
18:17 of 3rd period - Shot by Seth Jones.
18:17 of 3rd period - Goal by Seth Jones - Predators : 2 - Sharks : 3.
18:18 of 3rd period - Elias Lindholm wins face-off versus Brian Boyle in neutral zone.
18:38 of 3rd period - Minor Penalty to Dougie Hamilton for Tripping.
18:39 of 3rd period - Nate Thompson wins face-off versus Phillip Danault in Sharks zone.
18:57 of 3rd period - Shot by Oscar Klefbom.
18:57 of 3rd period - Shot Misses the Net.
18:59 of 3rd period - Shot by Phillip Danault.
18:59 of 3rd period - Shot Misses the Net.
19:01 of 3rd period - Predators, Corey Crawford is pulled from the net.
19:01 of 3rd period - Shot by Elias Lindholm.
19:01 of 3rd period - Shot Misses the Net.
19:07 of 3rd period - Shot by Steven Stamkos.
19:07 of 3rd period - Shot Blocked by Marco Scandella.
19:22 of 3rd period - Minor Penalty to Vladislav Namestnikov for Boarding.
19:23 of 3rd period - Corey Crawford from Predators was sent back in the game.
19:23 of 3rd period - Colton Sissons wins face-off versus Sean Couturier in Predators zone.
19:36 of 3rd period - Predators, Corey Crawford is pulled from the net.
19:43 of 3rd period - T.J. Oshie is hit by Oliver Ekman-Larsson.
19:50 of 3rd period - Off-side.
19:51 of 3rd period - Max Pacioretty wins face-off versus Sean Couturier in neutral zone.
Goals for this period are 0 for Predators vs 1 for Sharks.
Shots for this period are 8 for Predators vs 15 for Sharks.